 Dungeon Crawl Stone Soup version 0.30-a0-50-gb2d611f6b1 (webtiles) character file.

Game seed: 10847264728049200673

1704 gruber the Reanimator (level 8, -2/50 (52) HPs)
             Began as a Demonspawn Necromancer on Sept 4, 2022.
             Slain by Joseph
             ... wielding a +0 quarterstaff
              (9 damage)
             ... on level 7 of the Dungeon.
             The game lasted 00:07:20 (6887 turns).

gruber the Reanimator (Demonspawn Necromancer)      Turns: 6887, Time: 00:07:21

HP:   -2/50 (52)    AC:  8    Str: 16    XL:     8   Next: 73%
MP:   9/14          EV: 18    Int: 18    God:
Gold: 363           SH:  0    Dex: 13    Spells: 11/15 levels left

rFire   . . .      SeeInvis .    z - +0 whip (elec)
rCold   . . .      Faith    .    (no shield)
rNeg    . . .      Spirit   .    a - +0 robe
rPois   .          Reflect  .    l - +0 helmet
rElec   .          Harm     .    (no cloak)
rCorr   .          Rampage  .    (no gloves)
Will    +....                    r - +2 pair of boots
Stlth   ++........               i - amulet of magic regeneration
HPRegen 0.16/turn                y - ring of willpower
MPRegen 0.54/turn                C - +6 ring of strength

@: agile, lightly drained
A: claws 1, icy blue scales 1, powered by pain 3
a: no special abilities


You were on level 7 of the Dungeon.
You visited 2 branches of the dungeon, and saw 8 of its levels.

You collected 363 gold pieces.

Inventory:

Hand Weapons
 u - a +0 lajatang
 z - a +0 whip of electrocution (weapon)
Armour
 a - a +0 robe (worn)
 l - a +0 helmet (worn)
 r - a +2 pair of boots (worn)
Jewellery
 i - an amulet of magic regeneration (around neck)
 y - a ring of willpower (left claw)
 C - a +6 ring of strength (right claw)
Wands
 t - a wand of iceblast (24)
 A - a wand of flame (20)
 F - a wand of light (12)
Scrolls
 c - a scroll of summoning {unknown}
 f - 3 scrolls of fear {unknown}
 g - 3 scrolls of blinking {unknown}
 j - 3 scrolls of teleportation {unknown}
 k - 2 scrolls of amnesia {unknown}
 m - a scroll of silence {unknown}
 o - a scroll of brand weapon {unknown}
 p - a scroll of immolation {unknown}
 q - 7 scrolls of identify {unknown}
 s - 4 scrolls of butterflies {unknown}
 x - 2 scrolls of enchant weapon {unknown}
 G - a scroll of vulnerability {unknown}
Potions
 b - 2 potions of magic
 d - 4 potions of heal wounds {unknown}
 e - 2 potions of curing {unknown}
 h - 3 potions of ambrosia {unknown}
 n - 2 potions of degeneration {unknown}
 v - 4 potions of lignification {unknown}
 w - 4 potions of might {unknown}
 B - a potion of mutation {unknown}
 D - 2 potions of haste {unknown}
 E - a potion of invisibility {unknown}
 H - a potion of flight {unknown}


   Skills:
 - Level 3.1 Armour
 + Level 5.0 Dodging
 - Level 1.7 Stealth
 - Level 4.0 Spellcasting
 - Level 10.2 Necromancy


You had 11 spell levels left.
You knew the following spells:

 Your Spells              Type           Power      Damage    Failure   Level
a - Necrotise             Necr           100%       1d9       1%          1
b - Vampiric Draining     Necr           40%        2d8       1%          3

Your spell library contained the following spells:

 Spells                   Type           Power      Damage    Failure   Level
 Animate Dead             Necr           40%        N/A       2%          4
 Agony                    Necr           40%        N/A       6%          5
 Sting                    Tmut/Pois      12%        1d3       14%         1
 Poisonous Vapours        Pois/Air       6%         N/A       22%         2
 Dazzling Flash           Conj/Hex       6%         N/A       41%         3
 Iskenderun's Mystic Bla  Conj/Tloc      3%         2d3       82%         4
 Olgreb's Toxic Radiance  Pois           3%         N/A       82%         4
 Starburst                Conj/Fire      1%         6d3       100%        6


Dungeon Overview and Level Annotations

Branches:
Dungeon (7/15)             Temple (1/1) D:6

Altars:
Ashenzari
Cheibriados
Dithmenos
Fedhas
Gozag
Hepliaklqana
Makhleb
Nemelex Xobeh
Okawaru
Qazlal
Ru
Sif Muna
Trog
Uskayaw
Vehumet
Wu Jian

Shops:
D:2 *

Annotations:
D:7 Joseph, Menkaure


Innate Abilities, Weirdness & Mutations

You have sharp fingernails.
You are partially covered in icy blue scales. (AC +2)
You are powered by pain.


Message History

Joseph writhes in agony.
Joseph shoots a sling bullet.
The sling bullet hits you!
You focus on the pain.
You feel agile all of a sudden.
You are too injured to fight recklessly!
You are too injured to fight recklessly!
Joseph shoots a sling bullet.
The sling bullet hits you!
* * * LOW HITPOINT WARNING * * *
You focus on the pain.
You feel your power returning.
Found a spear.
Joseph shoots a sling bullet.
The sling bullet closely misses you.
Joseph unwields a +0 sling.
Joseph wields a +0 quarterstaff.
Joseph hits you with a +0 quarterstaff.
* * * LOW HITPOINT WARNING * * *
Casting: Necrotise (safe; 1% risk of failure)
Confirm with . or Enter, or press ? or * to list all spells.
Aiming: Vampiric Draining (safe; 1% risk of failure)
Press: ? - help, Shift-Dir - straight line, f/p - Joseph
Aim: Joseph, wielding a +0 quarterstaff and wearing a +0 leather armour (heavily wounded)
You draw life force from Joseph!
You feel life coursing into your body. Joseph hits you with a +0 quarterstaff!
* * * LOW HITPOINT WARNING * * *
You focus on the pain.
You feel your power returning.
Unknown command.
Casting: Vampiric Draining (safe; 1% risk of failure)
Confirm with . or Enter, or press ? or * to list all spells.
Aiming: Vampiric Draining (safe; 1% risk of failure)
Press: ? - help, Shift-Dir - straight line, f/p - Joseph
Aim: Joseph, wielding a +0 quarterstaff and wearing a +0 leather armour (severely wounded)
You draw life force from Joseph!
You feel life coursing into your body! Joseph hits you with a +0 quarterstaff!
* * * LOW HITPOINT WARNING * * *
Unknown command.
Casting: Vampiric Draining (safe; 1% risk of failure)
Confirm with . or Enter, or press ? or * to list all spells.
Aiming: Vampiric Draining (safe; 1% risk of failure)
Press: ? - help, Shift-Dir - straight line, f/p - Joseph
Aim: Joseph, wielding a +0 quarterstaff and wearing a +0 leather armour (almost dead)
You draw life force from Joseph!
You feel life coursing into your body. Joseph hits you with a +0 quarterstaff!
You die...

##.###..#
#.## ##.#
##.###.##
##.#.##
##.## #.#
#.# #.####
#...@#
####.@......
#######).


You could see Joseph.

Vanquished Creatures
  A water moccasin (D:6)
  An ice beast (D:3)
  2 black bears (D:5)
  An ogre (D:3)
  A phantom (D:4)
  A bullfrog (D:6)
  A gnoll sergeant (D:5)
  4 wights (D:6)
  5 killer bees (D:5)
  An electric eel (D:6)
  A howler monkey (D:5)
  2 jellies (D:6)
  3 hounds
  Crazy Yiuf (D:3)
  Terence (D:3)
  An iguana (D:4)
  3 orc wizards (D:5)
  Robin (D:3)
  3 gnolls (D:5)
  8 adders
  2 worms
  2 dart slugs (D:1)
  12 orcs
  10 endoplasms
  2 giant cockroaches (D:2)
  7 goblins
  9 hobgoblins
  6 jackals
  4 quokkas
  7 ball pythons
  4 bats
  A frilled lizard (D:2)
  6 kobolds
  4 rats
118 creatures vanquished.

Vanquished Creatures (collateral kills)
  A goblin (D:3)
1 creature vanquished.

Grand Total: 119 creatures vanquished

Notes
Turn   | Place    | Note
-------+----------+-------------------------------------------
     0 | D:1      | gruber the Demonspawn Necromancer began the quest for the
                  | Orb.
     0 | D:1      | Reached XP level 1. HP: 13/13 MP: 3/3
   286 | D:1      | Gained mutation: You are partially covered in icy blue
                  | scales. (AC +2) [demonic ancestry]
   286 | D:1      | Reached XP level 2. HP: 19/19 MP: 3/5
   591 | D:1      | Reached skill level 5 in Necromancy
  1177 | D:2      | Reached XP level 3. HP: 24/24 MP: 4/6
  1192 | D:2      | Learned a level 3 spell: Vampiric Draining
  1550 | D:2      | Found Xetzas's Assorted Antiques.
  2078 | D:3      | Noticed an ogre
  2085 | D:3      | Killed an ogre
  2086 | D:3      | Reached skill level 6 in Necromancy
  2086 | D:3      | Gained mutation: You have sharp fingernails. [demonic
                  | ancestry]
  2086 | D:3      | Reached XP level 4. HP: 20/30 MP: 1/8
  2086 | D:3      | Gained mutation: You sometimes gain a little power by
                  | taking damage. [demonic ancestry]
  2086 | D:3      | Reached XP level 5. HP: 24/35 MP: 1/9
  2344 | D:3      | Noticed Terence
  2348 | D:3      | Killed Terence
  2579 | D:3      | Found a runed translucent door.
  2580 | D:3      | Noticed Crazy Yiuf
  2678 | D:3      | Found a snail-covered altar of Cheibriados.
  2692 | D:3      | Found a shadowy altar of Dithmenos.
  2705 | D:3      | Noticed an ice beast
  2713 | D:3      | Killed an ice beast
  2714 | D:3      | Reached skill level 7 in Necromancy
  2714 | D:3      | Gained mutation: You sometimes gain power by taking damage.
                  | [demonic ancestry]
  2714 | D:3      | Reached XP level 6. HP: 31/41 MP: 6/11
  2906 | D:3      | Noticed Robin
  2928 | D:3      | Killed Robin
  2965 | D:3      | Found a faded altar of an unknown god.
  3133 | D:3      | Killed Crazy Yiuf
  3702 | D:4      | Reached skill level 8 in Necromancy
  3807 | D:4      | Gained mutation: You are powered by pain. [demonic
                  | ancestry]
  3807 | D:4      | Reached XP level 7. HP: 46/46 MP: 11/13
  4122 | D:4      | Found a sacrificial altar of Ru.
  4245 | D:5      | Entered Level 5 of the Dungeon
  4328 | D:5      | Reached skill level 9 in Necromancy
  4741 | D:5      | Reached skill level 10 in Necromancy
  4972 | D:5      | Found a bloodstained altar of Trog.
  4992 | D:5      | Reached XP level 8. HP: 52/52 MP: 11/14
  5044 | D:5      | Reached skill level 1 in Armour
  5794 | D:6      | Found a staircase to the Ecumenical Temple.
  5824 | Temple   | Entered the Ecumenical Temple
  6367 | D:6      | Reached skill level 5 in Dodging
  6585 | D:6      | Found a broken altar of Ashenzari.
  6594 | D:6      | Found an iron altar of Okawaru.
  6696 | D:7      | Noticed Menkaure
  6872 | D:7      | Noticed Joseph
  6885 | D:7      | HP: 2/50 [Joseph/+0 quarterstaff (9)]
  6887 | D:7      | Slain by Joseph

Illustrated notes

Levels and vault maps discovered:
D:1:      dreamdust_arrival_sigmund_warning, layout_loops_ring
D:2:      layout_rooms, serial_shops, nicolae_lakefront_shop,
          serial_co_window_serial, co_window_corner_a, co_window_paths_a,
          co_window_paths_b, co_window_paths_a, co_window_of_opportunity_a,
          co_window_paths_b, co_window_paths_a, co_window_cross_3,
          co_window_2corner, co_window_of_opportunity_b,
          co_window_unsneaky_path_a, co_window_unsneaky_path_b, glass_columns_a,
          glass_columns_c, glass_columns_a, glass_columns_a, glass_columns_a,
          interstate_on_off, minmay_close_crescents
D:3:      layout_loops_cross, nicolae_dithmenos_shadow_blocks,
          cheibriados_altar_1, shapermc_ecumenical_altar_petra,
          minmay_starry_boxes, uniq_crazy_yiuf_cottage, uniq_terence, uniq_robin
D:4:      layout_gridville, kennysheep_mini_moat,
          mainiacjoe_overflow_surrounded_room
D:5:      layout_basic, mainiacjoe_overflow_small_starburst, minivault_1
D:6:      layout_cave_pools, nicolae_elyvilon_temple_path,
          mainiacjoe_overflow_swirl, minmay_temple_entry_mist, minivault_23,
          corexii_shack
D:7:      layout_loops_cross, kiku_gazebo_garden_becter, uniq_menkaure,
          uniq_joseph, uniq_pikel, uniq_maggie
Temple:   chequers_temple_sunken

Skill      XL: |  1  2  3  4  5  6  7  8 |
---------------+-------------------------+-----
Necromancy     | 5 6 7 8 10 | 10.2
Spellcasting   | 3 4 |  4.0
Armour         | 3 |  3.1
Dodging        | 5 |  5.0
Stealth        | |  1.7

Action                   |  1- 3 |  4- 6 |  7- 9 || total
-------------------------+-------+-------+-------++-------
Melee: Unarmed           |    11 |       |       ||    11
       Lajatang          |       |     1 |       ||     1
       Whip              |       |    18 |    33 ||    51
       Punch             |       |       |     1 ||     1
 Cast: Necrotise         |    78 |    64 |   144 ||   286
       Vampiric Draining |     1 |     2 |    10 ||    13
 Stab: Sleeping          |       |     1 |       ||     1
Armor: Robe              |    11 |    13 |    35 ||    59
Dodge: Dodged            |    22 |    19 |    67 ||   108

Table legend: (Time is in decaauts)
 A = Elapsed time spent in this place.
 B = Non-inter-level travel time spent in this place.
 C = Inter-level travel time spent in this place.
 D = Time resting spent in this place.
 E = Time spent auto-exploring this place.
 F = Levels seen in this place.
 G = Mean time per level.
                   A        B        C        D        E       F      G
               +--------+--------+--------+--------+--------+-----+--------+
         Total |   6946 |   6640 |    306 |    254 |   5469 |   8 |  868.2 |
       Dungeon |   6697 |   6400 |    297 |    254 |   5240 |   7 |  956.7 |
        Temple |    249 |    241 |      8 |      0 |    229 |   1 |  249.0 |
               +--------+--------+--------+--------+--------+-----+--------+

Top non-repeatable levels by time:
     D:3: 1247 daAuts
     D:5: 1175 daAuts
     D:2: 1045 daAuts
     D:6: 1038 daAuts
     D:1: 1021 daAuts
     D:4: 955 daAuts
  Temple: 249 daAuts
     D:7: 214 daAuts
